 Dungeon Crawl Stone Soup version 0.17-a0-737-gf0a300a (webtiles) character file.

22416 Kisielow the Fencer (level 12, -2/169 HPs)
             Began as a Minotaur Fighter on Apr 26, 2015.
             Was the Champion of Okawaru.
             Slain by a yak (8 damage)
             ... on level 3 of the Lair of Beasts.
             The game lasted 00:39:17 (14482 turns).

Kisielow the Fencer (Minotaur Fighter)             Turns: 14482, Time: 00:39:18

Health: -2/169     AC: 25    Str: 30    XL:     12   Next: 62%
Magic:  11/11      EV:  8    Int:  6    God:    Okawaru [******]
Gold:   931        SH:  0    Dex: 11    Spells: 0 memorised, 11 levels left

rFire  + + +     SeeInvis .     b - +3 triple sword (elec)
rCold  . . .     Clarity  .     J - +0 plate armour
rNeg   + . .     SustAb   .     (no shield)
rPois  +         Gourm    .     y - +0 hat {rF+}
rElec  .         Spirit   .     l - +2 cloak {rPois}
rCorr  .         Warding  .     g - +0 pair of gloves {rF+}
rMut   .         Stasis   .     w - +1 pair of boots {Stlth+}
MR     .....                    N - amulet of rage
Stlth  ..........               v - ring of positive energy
                                u - +3 ring of intelligence

@: berserking, very quick, not resistant to hostile enchantments, extremely
unstealthy
A: retaliatory headbutt, horns 2, slimy green scales 1, dopey 1, fire resistance
1, mutation resistance 1
a: Heroism, Finesse, Renounce Religion, Evoke Berserk Rage


You were on level 3 of the Lair of Beasts.
You worshipped Okawaru.
Okawaru was exalted by your worship.
You were full.

You visited 3 branches of the dungeon, and saw 15 of its levels.
You also visited: Volcano.

You collected 931 gold pieces.

Inventory:

Hand weapons
 b - a +3 triple sword of electrocution (weapon)
 K - a +4 long sword of flaming
Armour
 c - a +0 shield
 g - a +0 pair of gloves of fire resistance (worn)
 l - a +2 cloak of poison resistance (worn)
 w - a +1 pair of boots of stealth (worn)
 y - a +0 hat of fire resistance (worn)
 J - a +0 plate armour (worn)
Jewellery
 u - a +3 ring of intelligence (left hand)
 v - a ring of positive energy (right hand)
 L - an uncursed ring of stealth
 N - an amulet of rage (around neck)
Magical devices
 h - a wand of flame (39)
 k - a wand of cold (8)
 p - a wand of cold (6)
 t - a wand of flame (22)
 B - a wand of paralysis (9)
 D - a wand of frost (28)
 G - a wand of polymorph (15)
 H - a wand of fireball (4)
 I - a wand of confusion (11)
Scrolls
 r - 3 scrolls of remove curse
 A - 2 scrolls of teleportation
 E - 3 scrolls of enchant armour
 P - a scroll of identify
Potions
 a - a potion of poison {unknown}
 d - 2 potions of might
 f - 2 potions of restore abilities
 j - 2 potions of berserk rage
 m - 2 potions of magic {unknown}
 o - 2 potions of flight
 s - a potion of curing
 F - 3 potions of haste
 M - a potion of resistance {unknown}
 O - a potion of heal wounds {unknown}
Comestibles
 e - 8 bread rations
 i - a royal jelly
 n - 2 beef jerkies
 q - 7 meat rations
 z - 5 fruits
 C - a slice of pizza


   Skills:
 * Level 12.8 Fighting
 * Level 15.2 Long Blades
 * Level 12.7 Armour
 - Level 10.0 Shields


You had 11 spell levels left.
You didn't know any spells.

Dungeon Overview and Level Annotations

Branches:
Dungeon (11/15)            Temple (1/1) D:5            Lair (3/8) D:11
  Swamp: Lair:3-6    Shoals: Lair:3-6     Snake: Lair:3-6    Spider: Lair:3-6
    Orc: D:9-12

Altars:
Ashenzari
Cheibriados
Dithmenos
Elyvilon
Fedhas
Gozag
Kikubaaqudgha
Makhleb
Nemelex Xobeh
Okawaru
Qazlal
Ru
Sif Muna
Trog
Vehumet
Xom
Yredelemnul
Zin
The Shining One

Shops:
D:7 }*

Portals:
Ice
Cave: Lair:3

Annotations:
D:11 exclusions: obsidian statue and oklob sapling


Innate Abilities, Weirdness & Mutations

You reflexively headbutt those who attack you in melee.
You have a pair of horns on your head.
You are partially covered in slimy green scales (AC +2).
You are dopey. (Int -2)
Your flesh is heat resistant.
You are somewhat resistant to further mutation.


Message History

The yak closely misses you. The yak gores you but does no damage.
The yak gores you.
* * * LOW HITPOINT WARNING * * *
You hit the yak.
There is a sudden explosion of sparks!
The yak is heavily wounded.
The yak gores you but does no damage. The yak gores you.
* * * LOW HITPOINT WARNING * * *
You hit the yak. Your headbutt misses the yak.
The yak is severely wounded.
The yak gores you but does no damage. x2
The yak gores you.
* * * LOW HITPOINT WARNING * * *
The yak gores you but does no damage.
You slice the yak!!
You kill the yak!
Okawaru accepts your kill. The yak gores you.
* * * LOW HITPOINT WARNING * * *
The yak gores you!
You die...

###.+##.. # #.........
+######. ##..........
........###P...........
..........##..?........#
...........##P....[......
..........+.#P..†......P..
..........#...%.∩Y.....#.
...........##..Y@Y......#
..........####.........##
####+#.#.## ####..+.##..
#..#### ##..## # ##.## #.#
#...# .# ##..## .#
###..P.## #.......#


You could see 3 yaks.

Vanquished Creatures
  A hydra (Lair:1)
  Sonja (D:11)
  Nergalle (Lair:2)
  3 hill giants (D:10)
  An orc sorcerer (Volcano)
  The ghost of hornqvist the Covert, an experienced OpAs of Gozag (D:6)
  3 black mambas (Lair:1)
  6 spiny frogs
  A fire drake (Lair:1)
  A smoke demon (D:11)
  A hellwing (Volcano)
  A komodo dragon (Lair:1)
  4 trolls
  Prince Ribbit (D:7)
  4 blink frogs (Lair:2)
  A wandering mushroom (D:11)
  17 yaks
  A hungry ghost (D:8)
  5 hippogriffs
  5 wolves (Lair:1)
  Menkaure (D:4)
  A soldier ant (D:11)
  A water moccasin (D:10)
  A mottled dragon (D:11)
  3 porcupines
  2 sky beasts
  Purgy (D:4)
  10 orc warriors
  7 phantoms
  A spider (shapeshifter) (D:11)
  An eye of draining (D:9)
  10 ice beasts
  2 ogres
  A swamp drake (D:11)
  A black bear (Lair:3)
  2 necrophages
  2 wasps
  4 centaurs
  9 crocodiles
  A wyvern zombie (D:10)
  5 giant frogs
  A wyvern skeleton (D:11)
  9 killer bees
  10 wights
  2 centaur zombies
  2 crimson imps
  6 giant frog skeletons
  2 jellies (D:10)
  5 orc wizards
  3 hounds
  3 orc priests
  Jessica (D:3)
  3 centaur skeletons
  8 iguanas
  4 worker ants
  5 sheep (Lair:1)
  20 adders
  15 river rats
  A shadow imp (D:7)
  An ooze (D:2)
  An adder skeleton (D:4)
  6 worms
  8 giant geckos
  32 orcs
  10 bats
  A bat skeleton (D:7)
  2 bat zombies
  5 giant cockroaches
  15 hobgoblins
  11 jackals
  2 quokkas
  A ball python (D:7)
  A giant gecko skeleton (D:7)
  5 giant newts
  12 goblins
  A jackal skeleton (D:4)
  12 kobolds
  16 rats
  A rat zombie (D:7)
  A spectral orc (Lair:2)
  A ballistomycete (D:9)
370 creatures vanquished.

Vanquished Creatures (others)
  Erolcha (D:11)
  An iguana (D:11)
  2 giant spores
4 creatures vanquished.

Grand Total: 374 creatures vanquished

Notes
Turn   | Place    | Note
--------------------------------------------------------------
     0 | D:1      | Kisielow, the Minotaur Fighter, began the quest for the Orb.
     0 | D:1      | Reached XP level 1. HP: 19/19 MP: 0/0
   200 | D:1      | You fall through a shaft!
   218 | D:2      | Reached skill level 4 in Shields
   218 | D:2      | Reached XP level 2. HP: 9/27 MP: 1/1
  1019 | D:2      | Reached XP level 3. HP: 30/33 MP: 2/2
  1337 | D:2      | Found a white marble altar of Elyvilon.
  1461 | D:2      | Reached XP level 4. HP: 37/40 MP: 3/3
  1574 | D:3      | Noticed Jessica
  1582 | D:3      | Killed Jessica
  2228 | D:3      | Reached skill level 5 in Shields
  2228 | D:3      | Reached XP level 5. HP: 41/47 MP: 4/4
  2472 | D:3      | Gained mutation: You are partially covered in slimy green scales (AC +2). [potion of mutation]
  2472 | D:3      | Gained mutation: You are dopey. (Int -2) [potion of mutation]
  2472 | D:3      | Gained mutation: Your flesh is heat resistant. [potion of mutation]
  2506 | D:4      | Reached skill level 5 in Fighting
  2539 | D:4      | Reached XP level 6. HP: 31/56 MP: 5/5
  2666 | D:4      | Found a blossoming altar of Fedhas.
  2700 | D:4      | Reached skill level 5 in Armour
  2757 | D:4      | Noticed a phantom
  2783 | D:4      | Killed a phantom
  2783 | D:4      | Reached skill level 6 in Shields
  2834 | D:4      | Noticed a phantom
  2859 | D:4      | Killed a phantom
  2859 | D:4      | Reached XP level 7. HP: 58/62 MP: 6/6
  2943 | D:4      | Found a bloodstained altar of Trog.
  3104 | D:4      | Noticed Purgy
  3108 | D:4      | Noticed Menkaure
  3124 | D:4      | Killed Purgy
  3126 | D:4      | Killed Menkaure
  3126 | D:4      | Reached skill level 5 in Long Blades
  3381 | D:4      | Found a stormy altar of Qazlal.
  3535 | D:5      | Entered Level 5 of the Dungeon
  3541 | D:4      | Reached skill level 7 in Shields
  3586 | D:5      | Found a staircase to the Ecumenical Temple.
  3596 | Temple   | Entered the Ecumenical Temple
  3691 | Temple   | Became a worshipper of Warmaster Okawaru
  3821 | D:5      | Reached XP level 8. HP: 55/71 MP: 7/7
  3850 | D:5      | Found a radiant altar of Vehumet.
  4470 | D:6      | Noticed hornqvist's ghost (experienced OpAs)
  4471 | D:6      | Found a shattered altar of Ashenzari.
  4482 | D:6      | Killed hornqvist's ghost
  4482 | D:6      | Acquired Okawaru's first power
  4482 | D:6      | Reached skill level 8 in Shields
  4564 | D:6      | Found a glowing golden altar of the Shining One.
  4903 | D:6      | Reached XP level 9. HP: 81/81 MP: 8/8
  5272 | D:7      | Found a blossoming altar of Fedhas.
  5280 | D:7      | Found Nuyr's Assorted Antiques.
  5337 | D:7      | Noticed Prince Ribbit
  5413 | D:7      | Killed Prince Ribbit
  5413 | D:7      | Reached skill level 9 in Shields
  5777 | D:7      | Found Mauvosch's Gadget Emporium.
  6253 | D:7      | Found an ancient bone altar of Kikubaaqudgha.
  7952 | D:9      | Reached skill level 10 in Shields
  7952 | D:9      | Reached XP level 10. HP: 73/91 MP: 9/9
  8223 | D:9      | Reached skill level 10 in Long Blades
  8335 | D:10     | Entered Level 10 of the Dungeon
  8546 | D:10     | Noticed a hill giant
  8560 | D:10     | Killed a hill giant
  8596 | D:10     | Noticed a hill giant
  8617 | D:10     | Killed a hill giant
  8617 | D:10     | Reached skill level 10 in Fighting
  8617 | D:10     | Reached skill level 11 in Long Blades
  9044 | D:10     | Reached skill level 10 in Armour
  9186 | D:10     | Acquired Okawaru's second power
  9557 | D:10     | Noticed a hill giant
  9569 | D:10     | Killed a hill giant
  9569 | D:10     | Reached skill level 12 in Long Blades
  9569 | D:10     | Reached XP level 11. HP: 58/101 MP: 10/10
  9907 | D:11     | Gained mutation: You are somewhat resistant to further mutation. [potion of mutation]
  9941 | D:11     | Got an encrusted halberd
  9947 | D:11     | Identified the +5 halberd "Muttok" {chop, rF+} (You found it on level 11 of the Dungeon)
 10135 | D:11     | Found a staircase to the Lair.
 10427 | D:11     | Received a gift from Okawaru
 10443 | D:11     | Noticed an obsidian statue
 10455 | D:11     | Noticed Erolcha
 10461 | D:11     | Killed Erolcha
 10654 | D:11     | Noticed Sonja
 11048 | D:11     | Killed Sonja
 11048 | D:11     | Reached skill level 13 in Long Blades
 11091 | D:11     | Found a blossoming altar of Fedhas.
 11350 | Lair:1   | Entered Level 1 of the Lair of Beasts
 11493 | Lair:1   | Found a dark tunnel.
 11502 | Volcano  | Entered a volcano
 12061 | Lair:1   | Received a gift from Okawaru
 12114 | Lair:1   | Reached skill level 14 in Long Blades
 12163 | Lair:1   | Reached XP level 12. HP: 42/112 MP: 11/11
 12970 | Lair:1   | Noticed a seven-headed hydra
 12982 | Lair:1   | Killed a four-headed hydra
 13492 | Lair:2   | Noticed Nergalle
 13499 | Lair:2   | Killed Nergalle
 14434 | Lair:3   | Found a frozen archway.
 14452 | Lair:3   | Reached skill level 15 in Long Blades
 14481 | Lair:3   | HP: 8/169 [yak (3)]
 14482 | Lair:3   | Slain by a yak

Action                   |  1- 3 |  4- 6 |  7- 9 | 10-12 || total
-------------------------+-------+-------+-------+-------++-------
Melee: Long sword        |    64 |   156 |    94 |     8 ||   322
       Scimitar          |       |       |   331 |   326 ||   657
       Triple sword      |       |       |       |   232 ||   232
  Use: Scroll            |       |     9 |     4 |    17 ||    30
       Potion            |       |     1 |     3 |    11 ||    15
  Eat: Chunk             |     2 |     4 |    11 |    15 ||    32
       Fruit             |       |       |     6 |    11 ||    17
       Pizza             |       |       |     1 |     1 ||     2
